 Dungeon Crawl Stone Soup version 0.23-a0-143-g1adec7b (webtiles) character file.

32 Inarius the Shield-Bearer (level 3, -1/25 HPs)
             Began as a Halfling Fighter on Sept 2, 2018.
             Killed from afar by an orc wizard (5 damage)
             ... with a magic dart
             ... on level 2 of the Dungeon.
             The game lasted 00:02:57 (1207 turns).

Inarius the Shield-Bearer (Halfling Fighter)        Turns: 1207, Time: 00:02:57

Health: -1/25      AC:  6    Str: 18    XL:     3   Next: 45%
Magic:  3/3        EV:  9    Int:  6    God:
Gold:   38         SH:  9    Dex: 13    Spells: 2/2 levels left

rFire    . . .     SeeInvis .   p - +1 short sword (elec)
rCold    . . .     Gourm    .   c - +0 shield
rNeg     . . .     Faith    .   n - +0 scale mail
rPois    .         Spirit   .   (no helmet)
rElec    .         Reflect  .   (no cloak)
rCorr    .         Harm     .   (no gloves)
MR       .....                  (no boots)
Stlth    ..........             (no amulet)
HPRegen  0.08/turn              (no ring)
MPRegen  0.08/turn              (no ring)

@: no status effects
A: small, mutation resistance 1
a: no special abilities


You were on level 2 of the Dungeon.
You were not hungry.

You visited 1 branch of the dungeon, and saw 2 of its levels.

You collected 38 gold pieces.

Inventory:

Hand Weapons
 a - a +0 rapier
 b - a +0 hunting sling
 p - a +1 short sword of electrocution (weapon)
Missiles
 e - 27 stones (quivered)
 o - 18 sling bullets
Armour
 c - a +0 shield (worn)
 n - a +0 scale mail (worn)
Scrolls
 g - a scroll of noise {unknown}
 h - a scroll of fear {unknown}
 i - a scroll of identify {unknown}
 k - a scroll of amnesia {unknown}
 l - a scroll of remove curse {unknown}
Potions
 d - a potion of might
 j - 3 potions of haste {unknown}
Comestibles
 f - 3 rations


   Skills:
 + Level 2.9 Fighting
 + Level 3.0 Short Blades
 + Level 0.8 Slings
 + Level 3.6 Armour
 + Level 0.2 Dodging
 + Level 3.7 Shields


You had 2 spell levels left.
You didn't know any spells.
Your spell library was empty.

Dungeon Overview and Level Annotations

Branches:
Dungeon (2/15)

Altars:


Innate Abilities, Weirdness & Mutations

You are small and have problems with some larger weapons.
You are somewhat resistant to further mutation.


Message History

You are more confused.
The orc hits you but does no damage. Something hits you.
* * * LOW HITPOINT WARNING * * *
Things that are here:
a flail; a leather armour; an orc corpse You closely miss the orc.
Something hits you but does no damage. The orc hits you with a hand axe.
* * * LOW HITPOINT WARNING * * *
The orc hits you with a hand axe.
* * * LOW HITPOINT WARNING * * *
You hit the orc.
The orc is almost dead.
Something hits you.
* * * LOW HITPOINT WARNING * * *
The orc completely misses you.
You feel less confused.
You hear some strange, mumbled words.
A magic dart appears from out of thin air!
The magic dart hits you!
You die...

.......# .#### ..#.# ....#
..o.### ..##.# ......##.#
#.# ..o......# #.#
.#..#o.### #.##
###.##.o####..############
#.##........)##.....<..#
#######..###).@).......#
#..# #..o........# ####
####........# #........#
#........# ##########


You could see an orc.

Vanquished Creatures
  A worm (D:2)
  3 orcs (D:2)
  A bat (D:1)
  2 giant cockroaches
  2 goblins (D:1)
  4 hobgoblins (D:1)
  5 kobolds (D:1)
  A quokka (D:2)
  4 frilled lizards
  A rat (D:1)
24 creatures vanquished.

Notes
Turn   | Place    | Note
-------+----------+-------------------------------------------
     0 | D:1      | Inarius the Halfling Fighter began the quest for the Orb.
     0 | D:1      | Reached XP level 1. HP: 15/15 MP: 1/1
     2 | D:1      | Noticed a draconian
     4 | D:1      | Noticed a vampire
     4 | D:1      | Noticed a demigod
     6 | D:1      | Noticed a human
     6 | D:1      | Noticed a vine stalker
     8 | D:1      | Noticed a centaur
    10 | D:1      | Noticed an octopode
    12 | D:1      | Noticed a troll
    12 | D:1      | Noticed a demonspawn
    14 | D:1      | Noticed a felid
    14 | D:1      | Noticed a spriggan
    16 | D:1      | Noticed a ghoul
    16 | D:1      | Noticed a gargoyle
    38 | D:1      | Noticed an ogre
    38 | D:1      | Noticed a naga
    40 | D:1      | Noticed a minotaur
    40 | D:1      | Noticed a merfolk
    42 | D:1      | Noticed a halfling
    42 | D:1      | Noticed a formicid
    44 | D:1      | Noticed a dwarf
    46 | D:1      | Noticed a tengu
    46 | D:1      | Noticed an elf
   186 | D:1      | Reached XP level 2. HP: 19/20 MP: 2/2
  1095 | D:2      | Reached XP level 3. HP: 25/25 MP: 3/3
  1207 | D:2      | Killed from afar by an orc wizard

Vault maps used:
D:1:      kb_arrival_jail
D:2:      lemuel_crystal_altar, old_standard_altar, first_ration

Skill      XL: |  1  2  3 |
---------------+----------+-----
Short Blades   | 3 |  3.0
Fighting       | |  2.9
Slings         | |  0.8
Armour         | |  3.6
Dodging        | |  0.2
Shields        | |  3.7

Action                   || total
-------------------------++-------
Melee: Rapier            ||    42
       Short sword       ||    32
 Fire: Hunting sling     ||     8
  Eat: Chunk             ||     1
Armor: Scale mail        ||    34
Dodge: Dodged            ||    24
Block: Shield            ||    34

Table legend:
 A = Non-vault XP
 B = Vault XP
 C = Vault XP percentage of total XP
 D = Non-vault monster count
 E = Vault monster count
 F = Vault count percentage of total count
                 A         B        C        D         E       F
            +---------+---------+-------+---------+---------+-------
      Total |      47 |       0 |   0.0 |      24 |       0 |   0.0
            +---------+---------+-------+---------+---------+-------
        D:1 |      28 |       0 |   0.0 |      17 |       0 |   0.0
        D:2 |      19 |       0 |   0.0 |       7 |       0 |   0.0
            +---------+---------+-------+---------+---------+-------
